 Dungeon Crawl Stone Soup version 0.28.0-53-g5a82cb258f (webtiles) character file.

Game seed: 9054442878267453577

72 Deemzul the Sneak (level 4, -7/27 HPs)
             Began as an Octopode Fire Elementalist on July 24, 2022.
             Shot with an arrow by a centaur (10 damage)
             ... on level 3 of the Dungeon.
             The game lasted 00:02:43 (2580 turns).

Deemzul the Sneak (Octopode Fire Elementalist)      Turns: 2580, Time: 00:02:44

Health: -7/27      AC:  1    Str:  7    XL:     4   Next: 25%
Magic:  3/7        EV: 13    Int: 19    God:
Gold:   85         SH:  0    Dex: 12    Spells: 3/7 levels left

rFire   . . .      SeeInvis .   (no weapon)
rCold   . . .      Faith    .   (no shield)
rNeg    . . .      Spirit   .   (helmet restricted)
rPois   .          Reflect  .   (no amulet)
rElec   .          Harm     .   (no ring)
rCorr   .          Rampage  .   (no ring)
Will    .....                   (no ring)
Stlth   +++.......              (no ring)
HPRegen 0.09/turn               (no ring)
MPRegen 0.10/turn               (no ring)
                                (no ring)
                                (no ring)

@: weak-willed, very slightly contaminated
A: almost no armour, amphibious, 8 rings, camouflage 1, gelatinous body 1,
(nimble swimmer 1), tentacles
a: no special abilities


You were on level 3 of the Dungeon.
You visited 1 branch of the dungeon, and saw 3 of its levels.

You collected 85 gold pieces.

Inventory:

Jewellery
 g - an amulet of regeneration
Scrolls
 a - a scroll of vulnerability
 d - a scroll of amnesia {unknown}
 h - a scroll of brand weapon {unknown}
Potions
 c - a potion of ambrosia {unknown}
 e - a potion of resistance {unknown}


   Skills:
 + Level 2.6 Dodging
 + Level 3.6 Stealth
 + Level 2.4 Spellcasting
 + Level 1.9 Conjurations
 + Level 0.2 Summonings
 + Level 3.4 Fire Magic


You had 3 spell levels left.
You knew the following spells:

 Your Spells              Type           Power      Damage    Failure   Level
a - Foxfire               Conj/Fire      48%        2x1d6     5%          1
b - Call Canine Familiar  Summ           3%         N/A       41%         3

Your spell library contained the following spells:

 Spells                   Type           Power      Damage    Failure   Level
 Scorch                   Fire           30%        2d6       6%          2
 Conjure Flame            Conj/Fire      12%        6-21      16%         3
 Blink                    Tloc           4%         N/A       24%         2
 Inner Flame              Hex/Fire       8%         N/A       24%         3
 Lesser Beckoning         Tloc           2%         N/A       43%         3
 Flame Wave               Conj/Fire      12%        2d6       47%         4
 Manifold Assault         Tloc           2%         N/A       99%         5
 Statue Form              Tmut/Erth      1%         N/A       100%        6
 Summon Cactus Giant      Summ           1%         N/A       100%        6
 Animate Armour           Summ/Erth      Unusable   N/A       N/A         4

Dungeon Overview and Level Annotations

Branches:
Dungeon (3/15)

Altars:

Annotations:
D:3 Natasha


Innate Abilities, Weirdness & Mutations

You cannot wear most types of armour.
You are amphibious.
You can wear up to eight rings at the same time.
Your skin changes colour to match your surroundings (Stealth+).
Your rubbery body absorbs attacks. (AC +1, EV +1)
((You are camouflaged when in or above water. (Stealth+)))
You have tentacles for arms and can constrict up to eight enemies at once.


Message History

Your foxfire dissipates!
Your foxfire dissipates! x2
Your magical contamination has completely faded away.
Magic restored.
A centaur comes into view.
A centaur is nearby!
The centaur shouts!
The centaur wields a +0 shortbow.
The centaur shoots an arrow.
The arrow closely misses you.
Casting: Foxfire (safe; 5% risk of failure)
Confirm with . or Enter, or press ? or * to list all spells.
The spell is extremely dangerous to miscast (41% risk of failure)!
Continue anyway?
You miscast Call Canine Familiar.
You are very lightly contaminated with residual magic.
A fistful of eyes flickers past your view.
A nameless horror comes into view.
The centaur shoots an arrow.
The arrow hits you!
The centaur shoots an arrow.
The arrow completely misses you.
Unknown command.
As you read the scroll labelled BEOBOCR TIETUROL, it crumbles to dust.
Magic quickly surges around you.
It was a scroll of vulnerability.
The centaur shoots an arrow.
The arrow hits you!
* * * LOW HITPOINT WARNING * * *
Unknown command.
As you read the scroll labelled SUFOTU OSTIRCH, it crumbles to dust.
You assume a fearsome visage.
The nameless horror is unaffected.
The centaur looks frightened!
It was a scroll of fear.
The centaur mutters, "Damn and blast!"
The nameless horror closely misses you.
As you read the scroll labelled NAMODW ZYPH, it crumbles to dust.
You feel strangely unstable.
It was a scroll of teleportation.
The nameless horror hits you.
* * * LOW HITPOINT WARNING * * *
You feel your power leaking away.
Your surroundings seem slightly different.
As you read the scroll of teleportation, it crumbles to dust.
You feel strangely unstable.
Your surroundings suddenly seem different.
The centaur shoots an arrow.
The arrow hits you!
You die...

#.# #X# ### #.# #.# #.#
##.####### #.#
####......[.# #.#
............# #.########
............# #........#
.......†...####.@......#
.......................#
#####.####.####.....c..#
#.# #.# #........# #.#
#.# #........# #.# #.#
########## ###.####.#
#........# #.#.####.#


You could see a nameless horror and a centaur (weak-willed).

Vanquished Creatures
  2 adders (D:2)
  A worm (D:2)
  2 dart slugs
  3 bats (D:1)
  2 endoplasms (D:1)
  3 giant cockroaches (D:1)
  3 hobgoblins
  4 jackals (D:1)
  2 quokkas
  3 ball pythons
  4 frilled lizards
  5 goblins
  7 kobolds
  2 rats
43 creatures vanquished.

Vanquished Creatures (collateral kills)
  A foxfire (D:2)
1 creature vanquished.

Vanquished Creatures (others)
  143 foxfires
143 creatures vanquished.

Grand Total: 187 creatures vanquished

Notes
Turn   | Place    | Note
-------+----------+-------------------------------------------
     0 | D:1      | Deemzul the Octopode Fire Elementalist began the quest for
                  | the Orb.
     0 | D:1      | Reached XP level 1. HP: 11/11 MP: 3/3
    71 | D:1      | Reached XP level 2. HP: 17/17 MP: 3/5
   634 | D:1      | Reached XP level 3. HP: 21/21 MP: 2/6
  1616 | D:2      | Reached XP level 4. HP: 9/27 MP: 1/7
  1819 | D:2      | Got the Disquisition on Companions and Earth
  1830 | D:2      | Learned a level 3 spell: Call Canine Familiar
  2000 | D:2      | Found a faded altar of an unknown god.
  2535 | D:3      | Noticed Natasha
  2569 | D:3      | Noticed a centaur
  2571 | D:3      | Noticed a nameless horror
  2580 | D:3      | Shot with an arrow by a centaur

Illustrated notes

Levels and vault maps discovered:
D:1:      psy_arrival_terrarium, layout_rooms, chequers_mini_garden,
          fountainhead, minmay_distorted
D:2:      layout_basic, dilly_ecumenical_altar_fadedgnrine,
          minmay_indecisive_spiral
D:3:      layout_basic, chequers_temple_overflow_statue_of_worship, uniq_pargi,
          uniq_natasha, uniq_terence

Skill      XL: |  1  2 |
---------------+-------+-----
Stealth        | 3 |  3.6
Dodging        | |  2.6
Spellcasting   | |  2.4
Conjurations   | |  1.9
Summonings     | |  0.2
Fire Magic     | |  3.4

Action                   |  1- 3 |  4- 6 || total
-------------------------+-------+-------++-------
Melee: Unarmed           |    37 |     2 ||    39
       Constrict         |    14 |     1 ||    15
       Tentacles         |     7 |     2 ||     9
       Punch             |     2 |       ||     2
 Cast: Foxfire           |    74 |    18 ||    92
  Use: Scroll            |       |     4 ||     4
 Stab: Sleeping          |     1 |       ||     1
Armor: Skin              |     8 |       ||     8
Dodge: Dodged            |    45 |     4 ||    49
